AoeStats
← Sid

Arabia

507691515Analyzed
2v2 RM · 13d ago on Sep 19, 2026· 21m 8s· 4 players
Game mode
Random Map
Map size
Medium (4 player)
Population
200
Speed
Normal
Resources
Standard
Victory
Conquest
Starting age
Dark Age
Ending age
Imperial Age
RankedLock teamsTeams togetherTeam positionsShared explorationLock speedFull tech treeHidden civsTurbo modeCheats
Victory
Defeat
🇫🇷 Huns · France
1344
+15
🇵🇱 Magyars · Poland
1329
+15
🇯🇵 Mapuche · Japan
1332
-16
🇯🇵 Persians · Japan
1291
-14
fumin.jp
6:40 Loom
9:22 Feudal Age
9:30 Champi Runner
10:09 Double-Bit Axe
20:12 Castle Age
20:34 Pikeman
Sid
6:33 Loom
8:58 Feudal Age
9:28 Double-Bit Axe
13:59 Horse Collar
21:24 Castle Age
20:07 Wheelbarrow
21:37 Scale Mail Armor
21:50 Forging
Zozénia
10:11 Feudal Age
9:29 Loom
16:13 Castle Age
16:59 Fletching
Archer on duty
8:00 Loom
10:28 Feudal Age
14:53 Castle Age
Connection lost

Rejoining the realm…

Still unreachable

The connection could not be restored.

Session expired

The server has moved on; the page needs a fresh start.